 Dungeon Crawl Stone Soup version 0.24.0-41-g2ae2f7f1be (webtiles) character file.

Game seed: 1231694181616054682, levelgen mode: deterministic

10640 Delamore the Executioner (level 11, -2/82 HPs)
             Began as a Hill Orc Fighter on Dec 11, 2019.
             Was an Elder of Okawaru.
             Slain by a death yak (16 damage)
             ... on level 12 of the Dungeon.
             The game lasted 00:12:45 (12559 turns).

Delamore the Executioner (Hill Orc Fighter)        Turns: 12559, Time: 00:12:45

Health: -2/82      AC: 17    Str: 26    XL:     11   Next: 65%
Magic:  11/11      EV:  4    Int:  8    God:    Okawaru [****..]
Gold:   264        SH: 11    Dex: 15    Spells: 10/10 levels left

rFire    + . .     SeeInvis .   z - +4 hand axe
rCold    + . .     Gourm    .   c - +1 shield
rNeg     . . .     Faith    .   v - +3 plate armour
rPois    .         Spirit   .   (no helmet)
rElec    .         Reflect  .   T - scarf {rC+ rF+}
rCorr    .         Harm     .   R - +2 pair of gloves {Dex+3}
MR       .....                  (no boots)
Stlth    ..........             (no amulet)
HPRegen  0.23/turn              O - ring "Heaxt" {Str+3 Dex+2}
MPRegen  0.12/turn              (no ring)

@: no status effects
A: no striking features
a: Heroism, Renounce Religion


You were on level 12 of the Dungeon.
You worshipped Okawaru.
Okawaru was greatly pleased with you.
You were very hungry.

You visited 2 branches of the dungeon, and saw 13 of its levels.

You collected 514 gold pieces.
You spent 250 gold pieces at shops.

Inventory:

Hand Weapons
 a - a +1 war axe
 x - the +3 dagger of Honesty {flame, rC+}
   (You found it on level 4 of the Dungeon)

   It has been specially enchanted to burn those struck by it, causing extra
   injury to most foes and up to half again as much damage against particularly
   susceptible opponents.
   It protects you from cold.
 z - a +4 hand axe (weapon)
Missiles
 b - a throwing net
 j - 34 poisoned darts (quivered)
Armour
 c - a +1 shield (worn)
 v - a +3 plate armour (worn)
 w - the +4 skin of Zhor {Hibernate rC+++ SInv}
   (You found it on level 4 of the Dungeon)

   It renders you almost immune to cold.
   It lets you see invisible.
 R - a +2 pair of gloves of dexterity (worn)
 T - a scarf of resistance (worn)
Jewellery
 e - an uncursed ring of ice
 o - an uncursed ring of fire
 O - the ring "Heaxt" (left hand) {Str+3 Dex+2}
   (You found it on level 8 of the Dungeon)

   [ring of dexterity]

   It affects your strength (+3).
   It affects your dexterity (+2).
Wands
 l - a wand of iceblast (19)
 E - a wand of digging (5)
 H - a wand of paralysis (4)
 J - a wand of random effects (20)
 Q - a wand of flame (14)
 S - a wand of enslavement (6)
Scrolls
 i - a scroll of blinking
 m - a scroll of enchant weapon
 n - 4 scrolls of teleportation
 t - 3 scrolls of remove curse
 y - 2 scrolls of fear
 B - 2 scrolls of amnesia {unknown}
 C - a scroll of fog {unknown}
 D - a scroll of silence {unknown}
 F - 3 scrolls of magic mapping {unknown}
 I - 2 scrolls of enchant armour
 K - a scroll of summoning {unknown}
 M - a scroll of noise {unknown}
Potions
 d - 2 potions of might
 g - 3 potions of heal wounds
 h - 3 potions of flight
 k - 3 potions of haste
 p - a potion of ambrosia {unknown}
 q - a potion of invisibility
 r - a potion of mutation {unknown}
 s - 2 potions of cancellation
 u - a potion of agility {unknown}
 A - 2 potions of lignification
 G - 2 potions of resistance {unknown}
 L - 2 potions of curing {unknown}
 N - 2 potions of brilliance {unknown}
Comestibles
 f - 10 rations


   Skills:
 - Level 3.6 Fighting
 + Level 21.0 Axes
 - Level 3.2 Armour
 - Level 3.2 Shields


You had 10 spell levels left.
You didn't know any spells.
Your spell library contained the following spells:

 Spells                   Type           Power        Failure   Level  Hunger
 Confusing Touch          Hex            #.....       100%        1    ##.....
 Sandblast                Erth           #.....       100%        1    ##.....
 Passwall                 Tmut/Erth      #.......     100%        2    ###....
 Confuse                  Hex            #.......     100%        3    ####...
 Gell's Gravitas          Tloc           #.........   100%        3    ####...
 Stone Arrow              Conj/Erth      #.....       100%        3    ####...
 Petrify                  Tmut/Erth      #.......     100%        4    #####..
 Lee's Rapid Deconstruct  Erth           #.........   100%        5    ######.
 Metabolic Englaciation   Hex/Ice        #.........   100%        5    ######.
 Yara's Violent Unravell  Hex/Tmut       #.........   100%        5    ######.


Dungeon Overview and Level Annotations

Branches:
Dungeon (12/15)            Temple (1/1) D:7
   Lair: D:8-11         Orc: D:9-12

Altars:
Ashenzari
Cheibriados
Dithmenos
Elyvilon
Fedhas
Gozag
Hepliaklqana
Kikubaaqudgha
Makhleb
Nemelex Xobeh
Okawaru
Qazlal
Ru
Sif Muna
Trog
Uskayaw
Vehumet
Wu Jian
Xom
Yredelemnul
Zin
The Shining One

Shops:
D:9 *


Message History

The death yak is severely wounded.
You block the death yak's attack.
Your shield and plate armour prevent you from hitting the death yak.
The death yak is severely wounded.
You hit the death yak but do no damage.
The death yak is severely wounded.
The death yak gores you.
You hit the death yak but do no damage.
The death yak is severely wounded.
You block the death yak's attack.
You hit the death yak but do no damage.
The death yak is severely wounded.
You slash the death yak!
The death yak is almost dead.
The death yak gores you!
* * * LOW HITPOINT WARNING * * *
You hit the death yak but do no damage.
The death yak is almost dead.
The death yak gores you!
You die...

# .. ...
#### ....
###..#...
##..†..#
#...@Y#
##.......#
#..##......#
#. #......#
.. .......#
.. ...#.....
. .#.##....
.. .. ....


You could see a death yak.

Vanquished Creatures
  4 two-headed ogres
  An ugly thing (D:11)
  Joseph (D:7)
  3 trolls
  A hornet (D:11)
  Sigmund (D:3)
  2 yaks (D:8)
  2 steam dragons (D:11)
  A hungry ghost (D:11)
  2 water moccasins
  A porcupine (D:12)
  2 sky beasts
  7 ice beasts
  5 black bears
  An orc warrior (D:9)
  An eye of draining (D:8)
  A wolf (D:8)
  2 phantoms (D:4)
  A centaur (D:11)
  3 ogres
  A crocodile (D:10)
  5 big kobolds
  A gnoll sergeant (D:8)
  2 bullfrogs (D:6)
  2 scorpions
  10 killer bees (D:8)
  A howler monkey (D:4)
  7 crimson imps
  A bullfrog zombie (D:9)
  A centaur zombie (D:7)
  A quasit (D:6)
  5 orc priests
  Crazy Yiuf (D:7)
  7 hounds
  2 jellies
  A bullfrog skeleton (D:7)
  2 centaur skeletons
  Terence (D:3)
  2 iguanas
  Ijyb (D:3)
  10 orc wizards
  4 worker ants
  A hound zombie (D:10)
  5 hound skeletons
  3 worker ant zombies
  17 gnolls
  18 adders
  3 shadow imps
  2 white imps (D:8)
  2 ufetubi (D:8)
  An adder skeleton (D:10)
  An adder zombie (D:7)
  A worm (D:2)
  2 dart slugs
  An adder simulacrum (D:8)
  2 leopard geckos (D:2)
  32 orcs
  4 giant cockroaches
  6 goblins
  5 hobgoblins
  12 jackals
  5 quokkas
  6 bats
  11 frilled lizards
  A jackal zombie (D:5)
  25 kobolds
  A quokka skeleton (D:5)
  10 rats
287 creatures vanquished.

Notes
Turn   | Place    | Note
-------+----------+-------------------------------------------
     0 | D:1      | Delamore the Hill Orc Fighter began the quest for the Orb.
     0 | D:1      | Reached XP level 1. HP: 19/19 MP: 1/1
    66 | D:1      | Reached skill level 3 in Axes
   292 | D:1      | Reached XP level 2. HP: 22/26 MP: 2/2
   429 | D:1      | Reached skill level 4 in Axes
   704 | D:2      | Reached XP level 3. HP: 26/31 MP: 3/3
   763 | D:2      | Reached skill level 5 in Axes
   887 | D:2      | Found a shimmering altar of Xom.
  1087 | D:2      | Reached XP level 4. HP: 9/39 MP: 4/4
  1715 | D:2      | Reached skill level 6 in Axes
  2204 | D:3      | Noticed Sigmund
  2225 | D:3      | Killed Sigmund
  2225 | D:3      | Reached skill level 8 in Axes
  2225 | D:3      | Reached XP level 5. HP: 21/45 MP: 5/5
  2225 | D:3      | Reached XP level 6. HP: 24/51 MP: 6/6
  2545 | D:3      | Noticed Terence
  2548 | D:3      | Noticed Ijyb
  2562 | D:3      | Killed Terence
  2570 | D:3      | Killed Ijyb
  2687 | D:3      | You fall into a shaft and drop 1 floor!
  2717 | D:4      | Noticed a phantom
  2736 | D:4      | Found a hazy altar of Hepliaklqana.
  2780 | D:4      | Reached skill level 9 in Axes
  2869 | D:4      | Reached XP level 7. HP: 26/57 MP: 7/7
  3250 | D:4      | Reached skill level 10 in Axes
  3531 | D:4      | Reached skill level 11 in Axes
  3615 | D:3      | Found a radiant altar of Vehumet.
  3893 | D:4      | Found the +4 skin of Zhor {Hibernate rC+++ SInv}
  3963 | D:4      | Found a burning altar of Makhleb.
  3985 | D:4      | Got an encrusted dagger
  3986 | D:4      | Identified the +3 dagger of Honesty {flame, rC+} (You found
                  | it on level 4 of the Dungeon)
  4128 | D:5      | Entered Level 5 of the Dungeon
  4296 | D:5      | Reached XP level 8. HP: 57/64 MP: 8/8
  4563 | D:5      | Reached skill level 12 in Axes
  4567 | D:5      | Found a shimmering blue altar of Sif Muna.
  4567 | D:5      | Found a white marble altar of Elyvilon.
  4587 | D:5      | Found an ancient bone altar of Kikubaaqudgha.
  4590 | D:5      | Found a bloodstained altar of Trog.
  5044 | D:6      | Reached skill level 13 in Axes
  5099 | D:6      | Reached XP level 9. HP: 42/70 MP: 9/9
  5109 | D:6      | Reached skill level 14 in Axes
  5337 | D:6      | Found a sparkling altar of Nemelex Xobeh.
  5731 | D:6      | Found a shattered altar of Ashenzari.
  5900 | D:7      | Noticed Joseph
  5908 | D:7      | Paralysed by Joseph for 5 turns
  5920 | D:7      | Paralysed by Joseph for 5 turns
  5931 | D:7      | Killed Joseph
  5931 | D:7      | Reached skill level 15 in Axes
  6529 | D:7      | Found a staircase to the Ecumenical Temple.
  6759 | Temple   | Entered the Ecumenical Temple
  6801 | Temple   | Became a worshipper of Warmaster Okawaru
  6981 | D:7      | Found a runed translucent door.
  6982 | D:7      | Noticed Crazy Yiuf
  7157 | D:7      | Paralysed by Crazy Yiuf for 6 turns
  7165 | D:7      | Killed Crazy Yiuf
  7402 | D:8      | Reached skill level 16 in Axes
  7411 | D:8      | Found a blossoming altar of Fedhas.
  7659 | D:8      | Reached * piety under Okawaru
  7659 | D:8      | Reached XP level 10. HP: 68/77 MP: 10/10
  7675 | D:8      | Reached skill level 17 in Axes
  8565 | D:8      | Reached ** piety under Okawaru
  8565 | D:8      | Reached skill level 18 in Axes
  8582 | D:8      | Got a vibrating amber ring
  8583 | D:8      | Identified the ring "Heaxt" {Str+3 Dex+2} (You found it on
                  | level 8 of the Dungeon)
  9391 | D:9      | Found a glowing golden altar of the Shining One.
  9402 | D:9      | Found Geqio's Assorted Antiques.
  9411 | D:9      | Bought a pair of runed gloves for 202 gold pieces
  9411 | D:9      | Bought a fizzy yellow potion for 24 gold pieces
  9411 | D:9      | Bought an orange potion for 24 gold pieces
  9709 | D:9      | Noticed a two-headed ogre
  9730 | D:9      | Killed a two-headed ogre
  9730 | D:9      | Reached *** piety under Okawaru
  9730 | D:9      | Reached skill level 19 in Axes
  9755 | D:9      | Noticed a two-headed ogre
  9772 | D:9      | Killed a two-headed ogre
  9772 | D:9      | Reached XP level 11. HP: 35/82 MP: 11/11
 10205 | D:9      | Found an ornate altar of the Wu Jian Council.
 10469 | D:10     | Entered Level 10 of the Dungeon
 11657 | D:11     | Reached skill level 20 in Axes
 11665 | D:11     | Noticed a two-headed ogre
 11675 | D:11     | Killed a two-headed ogre
 11675 | D:11     | Reached **** piety under Okawaru
 11904 | D:11     | Noticed a two-headed ogre
 11914 | D:11     | Killed a two-headed ogre
 12060 | D:11     | Noticed a brown ugly thing
 12077 | D:11     | Killed a brown ugly thing
 12525 | D:11     | Noticed a death yak
 12528 | D:11     | Noticed a death yak
 12529 | D:11     | Noticed a death yak
 12538 | D:12     | Reached skill level 21 in Axes
 12559 | D:12     | Slain by a death yak

Levels and vault maps discovered:
D:1:      psy_arrival_spokes, layout_loops_ring
D:2:      layout_loops_cross, xom_teletrap_fun, minmay_lizard_pond
D:3:      layout_basic, vehumet_crystals, uniq_terence, uniq_sigmund, uniq_ijyb
D:4:      layout_cave_pools, nicolae_overflow_crystal_walls,
          lemuel_coloured_pillars_altar, first_ration, minmay_checkerbox
D:5:      layout_loops_ring, grunt_temple_overflow_cloverleaf,
          hangedman_decor_slide_cut
D:6:      layout_rooms, nemelex_xobeh_ov_fountains_minmay, ashenzari_altar_1
D:7:      layout_loops_ring, minmay_temple_entry_poolview, uniq_joseph,
          uniq_crazy_yiuf_cottage
D:8:      layout_layer_cave, fedhas_ov_isle_minmay, serial_ice, serial_ice_n,
          serial_ice_j, serial_ice_h, serial_ice_g, serial_ice_m
D:9:      layout_basic, old_standard_altar, lemuel_round_altar, serial_shops,
          nicolae_shop_waterfront
D:10:     layout_loops_corners
D:11:     layout_loops_cross, dpeg_lair_monsters
D:12:     layout_cave_pools, orc_0_dummy
Temple:   jpeg_temple_island

Skill      XL: |  1  2  3  4  5  6  7  8  9 10 11 |
---------------+----------------------------------+-----
Axes           | 3 4 5 8 9 11 13 16 19 21 | 21.0
Fighting       | |  3.6
Armour         | |  3.2
Shields        | |  3.2

Action                   |  1- 3 |  4- 6 |  7- 9 | 10-12 || total
-------------------------+-------+-------+-------+-------++-------
Melee: War axe           |   129 |   112 |   138 |       ||   379
       Hand axe          |       |       |   343 |   460 ||   803
Throw: Dart              |       |     5 |       |     3 ||     8
Invok: Heroism           |       |       |       |     1 ||     1
  Use: Potion            |       |     1 |       |     3 ||     4
       Scroll            |       |     4 |     4 |     6 ||    14
 Stab: Sleeping          |       |       |       |     1 ||     1
  Eat: Chunk             |     1 |     6 |    12 |    13 ||    32
       Ration            |       |       |     1 |     1 ||     2
Armor: Scale mail        |    57 |    35 |    21 |       ||   113
       Animal skin       |       |       |    71 |    67 ||   138
       Skin              |       |       |       |     1 ||     1
       Plate armour      |       |       |       |    27 ||    27
Dodge: Dodged            |    38 |    35 |    84 |    88 ||   245
Block: Shield            |    72 |    57 |   147 |   167 ||   443
